 Dungeon Crawl Stone Soup version 0.22.1-2-g9c5b331 (webtiles) character file.

51483 Yuikono the Peltast (level 14, -8/121 HPs)
             Began as a Minotaur Fighter on Dec 19, 2018.
             Was a High Priest of Qazlal.
             Blown up by a great orb of eyes (23 damage)
             ... with a disintegration bolt
             ... while paralysed by a great orb of eyes
             ... on level 1 of the Depths.
             The game lasted 01:40:03 (17531 turns).

Yuikono the Peltast (Minotaur Fighter)             Turns: 17531, Time: 01:40:03

Health: -8/121     AC: 21    Str: 26    XL:     14   Next: 23%
Magic:  1/22       EV:  2    Int:  7    God:    Qazlal [*****.]
Gold:   1499       SH:  0    Dex: 10    Spells: 13/13 levels left

rFire    + . .     SeeInvis .   e - +6 long sword (flame)
rCold    + . .     Gourm    .   c - +0 shield
rNeg     + . .     Faith    .   M - +2 plate armour {rF+}
rPois    .         Spirit   .   r - +1 hat of the Engineer {-Tele +Inv rElec Regen+}
rElec    +         Reflect  +   (no cloak)
rCorr    .         Harm     .   t - +0 pair of gloves
MR       +....     NoTele   +   (no boots)
Stlth    ..........             v - +3 amulet of reflection
HPRegen  0.70/turn              Z - +4 ring of slaying
MPRegen  0.18/turn              P - ring of positive energy

@: paralysed, protected from physical damage, studying Ice Magic, repel missiles
A: retaliatory headbutt, horns 2, clever 1, cold resistance 1
a: Upheaval, Elemental Force, Disaster Area, Renounce Religion, Evoke
Invisibility


You were on level 1 of the Depths.
You worshipped Qazlal.
Qazlal was extremely pleased with you.
You were not hungry.

You visited 4 branches of the dungeon, and saw 18 of its levels.
You also visited: Labyrinth and Ice Cave.

You collected 1585 gold pieces.
You spent 86 gold pieces at shops.

Inventory:

Hand Weapons
 e - a +6 long sword of flaming (weapon)
 k - a +0 hand crossbow
 Q - a +0 blowgun
Missiles
 j - 27 bolts
 n - 375 arrows
 o - 8 curare-tipped needles
 z - 29 javelins (quivered)
 F - 2 exploding tomahawks
 T - 13 tomahawks
 Y - 5 javelins of penetration
Armour
 c - a +0 shield (worn)
 q - a +2 hat
 r - the +1 hat of the Engineer (worn) {-Tele +Inv rElec Regen+}
   (You found it in an ice cave)

   It insulates you from electricity.
   It lets you turn invisible.
   It prevents most forms of teleportation.
   It increases your rate of regeneration.
 t - a +0 pair of gloves (worn)
 K - the +3 salamander hide armour {+Rage rF++}
   (You found it on level 12 of the Dungeon)

   It greatly protects you from fire.
   It lets you go berserk.
 M - a +2 plate armour of fire resistance (worn)
Jewellery
 a - an uncursed ring of poison resistance
 s - an uncursed ring of resist corrosion
 v - a +3 amulet of reflection (around neck)
 G - the ring "Nufepiuh" {rElec rPois rC+ Int-5 Stlth+}
   (You found it on level 15 of the Dungeon)

   [ring of protection from cold]

   It affects your intelligence (-5).
   It protects you from cold.
   It insulates you from electricity.
   It protects you from poison.
   It makes you more stealthy.
 P - a ring of positive energy (right hand)
 X - an uncursed ring of see invisible
 Z - a +4 ring of slaying (left hand)
Wands
 b - a wand of polymorph (20)
 D - a wand of flame (63)
 J - a wand of iceblast (35)
 N - a wand of acid (10)
 O - a wand of random effects (37)
 U - a wand of enslavement (42)
 W - a wand of disintegration (33)
Scrolls
 u - 3 scrolls of fog
 w - 6 scrolls of teleportation
 y - 2 scrolls of enchant weapon
 B - a scroll of vulnerability
 C - a scroll of brand weapon
 E - a scroll of amnesia
 I - 3 scrolls of remove curse
 L - a scroll of acquirement {unknown}
 R - a scroll of blinking
 S - 3 scrolls of magic mapping
 V - 2 scrolls of immolation
Potions
 d - 2 potions of might
 g - a potion of resistance
 h - 2 potions of brilliance
 i - a potion of berserk rage
 m - 6 potions of curing
 p - 2 potions of flight
 x - 2 potions of lignification
 A - 4 potions of agility
Books
 l - a manual of Ice Magic
 H - a manual of Ice Magic
Comestibles
 f - 23 rations


   Skills:
 - Level 10.0 Fighting
 - Level 14.0 Long Blades
   Level 1.0 Bows
 + Level 9.0 Crossbows
 - Level 10.0 Armour
 - Level 15.0 Shields
 + Level 12.1 Invocations


You had 13 spell levels left.
You didn't know any spells.
Your spell library contained the following spells:

 Spells                   Type           Power        Failure   Level  Hunger
 Sandblast                Erth           #.....       99%         1    ##.....
 Passwall                 Tmut/Erth      #.......     100%        2    ###....
 Stone Arrow              Conj/Erth      #.....       100%        3    ####...
 Petrify                  Tmut/Erth      #.......     100%        4    #####..
 Irradiate                Conj/Tmut      #.........   100%        5    ######.
 Lee's Rapid Deconstruct  Erth           #.........   100%        5    ######.
 Hydra Form               Tmut           #.........   100%        6    #######
 Statue Form              Tmut/Erth      #........    100%        6    #######
 Dragon Form              Tmut           #.........   100%        7    #######


Dungeon Overview and Level Annotations

Branches:
Dungeon (15/15)            Temple (1/1) D:6            Lair (0/6) D:11
    Orc (1/2) D:10         Vaults (0/5) D:13         Depths (1/5) D:15

Altars:
Ashenzari
Cheibriados
Dithmenos
Elyvilon
Fedhas
Gozag
Hepliaklqana
Kikubaaqudgha
Makhleb
Nemelex Xobeh
Okawaru
Qazlal
Ru
Sif Muna
Trog
Uskayaw
Vehumet
Wu Jian
Xom
Yredelemnul
Zin
The Shining One
Beogh

Shops:
D:4 (   D:7 %   D:10 *

Annotations:
D:7 1 runed door


Innate Abilities, Weirdness & Mutations

You reflexively headbutt those who attack you in melee.
You have a pair of horns on your head.
Your mind is acute. (Int +2)
Your flesh is cold resistant. (rC+)


Message History

You resist with significant effort.
The great orb of eyes bites you but does no damage.
You hear two shouts!
You hear a deafening roar!
You hear a shout!
The great orb of eyes bites you.
* * * LOW HITPOINT WARNING * * *
You feel more protected from physical attacks.
The great orb of eyes gazes at you. You resist with significant effort.
The red ugly thing stings you!
* * * LOW HITPOINT WARNING * * *
You are engulfed in flames.
You resist.
* * * LOW HITPOINT WARNING * * *
The great orb of eyes bites you!
* * * LOW HITPOINT WARNING * * *
The great orb of eyes gazes at you. You resist with significant effort.
The red ugly thing stings you but does no damage.
You hear a shout! x2
The great orb of eyes gazes at you.
You are blasted!
You die...

.... ...#
########....#
#.§..§.#....#
#...(.......
#.Ru@§......
#.uGG.§####+
#.§CRC.##
#...u(..#
#.R(C.R.#
+.<.....#
#...##(##
#.### .# ..
..


You could see 3 stone giants, 2 great orbs of eyes, 3 ugly things and 4
rakshasas.

Vanquished Creatures
  The ghost of Zeloya the Warrior, an adept OgFE of Cheibriados (D:14)
  Gastronok (D:7)
  The ghost of TheAlmogaver the Thaumaturge, a journeyman GnWz of Ashenzari (D:15)
  A fire dragon (D:15)
  Fannar (D:11)
  3 hydras
  An ice dragon (D:15)
  A centaur warrior (D:11)
  3 two-headed ogres
  A death knight (D:15)
  3 dancing weapons
  A spectral fire giant (D:15)
  The ghost of Miyamura the Shield-Bearer, a novice FoFi of Cheibriados (D:11)
  4 unseen horrors
  2 cherubim (D:15)
  A necromancer (IceCv)
  A deep elf mage (D:12)
  Pikel (D:4)
  An orc sorcerer (D:10)
  13 ugly things
  3 cyclopes
  A stone giant zombie (D:15)
  2 centaur zombies
  An ice statue (IceCv)
  A gargoyle (D:11)
  3 kobold demonologists
  3 centaur skeletons
  10 freezing wraiths (IceCv)
  A komodo dragon (D:15)
  A yaktaur zombie (D:15)
  A spark wasp simulacrum (D:15)
  A queen bee (D:11)
  A polar bear (D:15)
  3 trolls
  A wolf spider simulacrum (IceCv)
  A fire dragon zombie (D:15)
  A meliai zombie (D:10)
  A fire giant simulacrum (D:15)
  2 hippogriffs
  5 shadows
  3 redbacks (Lab)
  A redback (shapeshifter) (D:15)
  A wyvern (D:9)
  3 yaks (D:12)
  2 vampires (D:12)
  A wraith (D:11)
  3 basilisks
  4 vampire mosquitoes
  9 hungry ghosts
  A steam dragon (D:11)
  3 wargs
  An acid dragon (D:12)
  A water moccasin (D:7)
  2 soldier ants
  A water moccasin (shapeshifter) (D:15)
  Duvessa (D:6)
  11 orc warriors
  5 sky beasts
  13 ice beasts
  A hornet zombie (D:15)
  A black bear (D:6)
  A necrophage (D:10)
  2 phantoms
  2 ogres
  An alligator simulacrum (IceCv)
  An eye of draining (D:11)
  6 centaurs
  2 big kobolds
  Blork the orc (D:5)
  Dowan (D:6)
  9 bullfrogs
  2 wyvern zombies
  A hornet simulacrum (D:15)
  2 scorpions (D:9)
  23 killer bees
  8 wights
  An elephant simulacrum (IceCv)
  4 howler monkeys
  5 crimson imps
  9 draconian simulacra (IceCv)
  2 quasits
  6 hounds
  3 bullfrog zombies
  5 jellies
  3 bullfrog skeletons
  A gnoll shaman (D:3)
  14 orc priests
  3 iguanas
  18 orc wizards
  3 troll simulacra (IceCv)
  3 spriggan simulacra (IceCv)
  A tengu simulacrum (D:15)
  12 worker ants
  A polar bear simulacrum (IceCv)
  A killer bee zombie (D:7)
  3 hound skeletons
  14 gnolls
  16 adders
  A howler monkey skeleton (D:8)
  2 naga simulacra (IceCv)
  3 ogre simulacra (IceCv)
  5 shadow imps
  15 white imps
  2 ufetubi (D:15)
  An ooze (D:2)
  An adder skeleton (D:6)
  An adder zombie (D:5)
  4 worms
  A dart slug (D:1)
  4 leopard geckos
  89 orcs
  5 bats
  3 giant cockroaches
  7 goblins
  5 hobgoblins
  2 jackals (D:3)
  8 quokkas
  2 ball pythons
  19 kobolds
  A quokka skeleton (D:4)
  2 quokka zombies (D:5)
  24 rats
550 creatures vanquished.

Vanquished Creatures (collateral kills)
  A juggernaut simulacrum (D:15)
  A cyclops (D:15)
2 creatures vanquished.

Vanquished Creatures (others)
  A minotaur (Lab)
  3 centaurs
  2 plants (D:11)
6 creatures vanquished.

Grand Total: 558 creatures vanquished

Notes
Turn   | Place    | Note
-------+----------+-------------------------------------------
     0 | D:1      | Yuikono the Minotaur Fighter began the quest for the Orb.
     0 | D:1      | Reached XP level 1. HP: 19/19 MP: 0/0
   109 | D:1      | Reached XP level 2. HP: 22/27 MP: 1/1
   722 | D:2      | Reached XP level 3. HP: 33/34 MP: 2/2
   776 | D:2      | Found a faded altar of an unknown god.
  1212 | D:2      | Became a worshipper of Sif Muna the Loreminder
  1212 | D:2      | Reached * piety under Sif Muna
  1300 | D:3      | Reached XP level 4. HP: 41/41 MP: 3/3
  1406 | D:3      | Reached skill level 5 in Fighting
  1707 | D:3      | Reached XP level 5. HP: 48/48 MP: 4/4
  1891 | D:3      | Reached skill level 5 in Long Blades
  2406 | D:4      | Noticed a slave
  2407 | D:4      | Noticed Pikel
  2407 | D:4      | Noticed a slave
  2407 | D:4      | Noticed a slave
  2407 | D:4      | Noticed a slave
  2426 | D:4      | Killed Pikel
  2426 | D:4      | Reached XP level 6. HP: 14/60 MP: 5/5
  2426 | D:4      | Reached XP level 7. HP: 16/66 MP: 6/6
  2902 | D:4      | Found Teifa's Weapon Shoppe.
  3043 | D:5      | Entered Level 5 of the Dungeon
  3282 | D:5      | Noticed Blork the orc
  3300 | D:5      | Killed Blork the orc
  3441 | D:5      | Reached XP level 8. HP: 75/75 MP: 7/7
  3752 | D:5      | Found an iron altar of Okawaru.
  3842 | D:5      | Reached ** piety under Sif Muna
  4721 | D:6      | Found a staircase to the Ecumenical Temple.
  4733 | Temple   | Entered the Ecumenical Temple
  4917 | Temple   | Fell from the grace of Sif Muna
  4917 | Temple   | Became a worshipper of Qazlal Stormbringer
  4981 | D:6      | Reached skill level 4 in Shields
  5061 | D:6      | Reached skill level 10 in Fighting
  5109 | D:6      | Noticed Duvessa
  5120 | D:6      | Killed Duvessa
  5125 | D:6      | Noticed Dowan
  5141 | D:6      | Killed Dowan
  5162 | D:6      | Reached skill level 5 in Shields
  5162 | D:6      | Reached XP level 9. HP: 81/85 MP: 8/8
  5691 | D:7      | Reached skill level 10 in Long Blades
  5873 | D:7      | Found a runed door.
  5937 | D:7      | Reached skill level 5 in Armour
  5974 | D:7      | Reached * piety under Qazlal
  6076 | D:7      | Reached skill level 6 in Shields
  6312 | D:7      | Found Jimn's Food Emporium.
  6420 | D:7      | Reached skill level 7 in Shields
  6933 | D:8      | Reached ** piety under Qazlal
  6983 | D:8      | Noticed Gastronok
  7497 | D:7      | Killed Gastronok
  7497 | D:7      | Reached skill level 8 in Shields
  7497 | D:7      | Reached XP level 10. HP: 90/93 MP: 9/9
  7713 | D:9      | Reached skill level 9 in Shields
  7845 | D:9      | Found a basalt altar of Yredelemnul.
  7954 | D:9      | Noticed a two-headed ogre
  7965 | D:9      | Killed a two-headed ogre
  8410 | D:10     | Entered Level 10 of the Dungeon
  8491 | D:10     | Noticed a two-headed ogre
  8504 | D:10     | Killed a two-headed ogre
  8775 | D:10     | Reached XP level 11. HP: 92/99 MP: 10/10
  8780 | D:10     | Reached skill level 10 in Shields
  8853 | D:10     | Reached *** piety under Qazlal
  9022 | D:10     | Found a staircase to the Orcish Mines.
  9147 | D:10     | Found Hala's Assorted Antiques.
  9159 | D:10     | Bought a scroll of identify for 36 gold pieces
  9159 | D:10     | Bought a golden potion for 16 gold pieces
  9159 | D:10     | Bought an emerald potion for 16 gold pieces
  9159 | D:10     | Bought a scroll labeled RYNOTE VAMUZUH for 18 gold pieces
  9312 | Orc:1    | Entered Level 1 of the Orcish Mines
  9312 | Orc:1    | Noticed an orc sorcerer
  9315 | Orc:1    | Noticed a sixfirhy
  9322 | D:10     | Killed an orc sorcerer
  9451 | Orc:1    | Noticed an orc knight
  9510 | D:11     | Reached skill level 10 in Armour
  9862 | D:11     | Reached skill level 11 in Shields
  9907 | D:11     | Noticed an unseen horror
  9916 | D:11     | Killed an unseen horror
  9938 | D:11     | Reached **** piety under Qazlal
 10058 | D:11     | Noticed Fannar
 10142 | D:11     | Killed Fannar
 10303 | D:11     | Reached skill level 12 in Shields
 10465 | D:11     | Noticed an eight-headed hydra
 10475 | D:11     | Killed an eight-headed hydra
 10723 | D:11     | Found a staircase to the Lair.
 10748 | D:11     | Found a roughly hewn altar of Beogh.
 10755 | D:11     | Reached ***** piety under Qazlal
 10755 | D:11     | Reached skill level 13 in Shields
 10804 | D:11     | Reached XP level 12. HP: 91/106 MP: 11/11
 10985 | D:11     | Found a large runed door.
 10985 | D:11     | Found a large runed door.
 10987 | D:11     | Noticed Miyamura's ghost (novice FoFi)
 11013 | D:11     | Killed Miyamura's ghost
 11238 | D:12     | Noticed a centaur warrior
 11271 | D:11     | Killed a centaur warrior
 11271 | D:11     | Reached skill level 14 in Shields
 11364 | D:12     | Found a labyrinth entrance.
 11373 | Lab      | Entered a labyrinth
 12226 | Lab      | Reached skill level 15 in Shields
 12515 | Lab      | Reached skill level 1 in Invocations
 12698 | Lab      | Was forgiven by Sif Muna
 12835 | Lab      | Noticed a minotaur
 12847 | Lab      | Killed a minotaur
 12972 | Lab      | Found the +10 Black Knight's horse barding {ponderous,
                  | rPois rN+}
 13047 | D:12     | Reached skill level 5 in Invocations
 13414 | D:12     | Found the +3 salamander hide armour {+Rage rF++}
 13781 | D:13     | Noticed a six-headed hydra
 13814 | D:13     | Reached XP level 13. HP: 93/113 MP: 18/18
 14280 | D:13     | Found a gate to the Vaults.
 14706 | D:14     | Reached skill level 1 in Bows
 14731 | D:14     | Found a frozen archway.
 14761 | D:14     | Found a runed door.
 14764 | IceCv    | Entered an ice cave
 14778 | IceCv    | Reached skill level 1 in Crossbows
 14849 | IceCv    | Reached ****** piety under Qazlal
 15252 | IceCv    | Found an ancient bone altar of Kikubaaqudgha.
 15337 | IceCv    | Reached skill level 10 in Invocations
 15451 | IceCv    | Got an encrusted hat
 15462 | IceCv    | Identified the +1 hat of the Engineer {-Tele +Inv rElec
                  | Regen+} (You found it in an ice cave)
 15483 | IceCv    | Gained mutation: Your flesh is cold resistant. (rC+)
                  | [potion of mutation]
 15483 | IceCv    | Gained mutation: Your mind is acute. (Int +2) [potion of
                  | mutation]
 15604 | D:14     | Noticed Zeloya's ghost (adept OgFE)
 15640 | D:14     | Killed Zeloya's ghost
 15748 | D:14     | Reached skill level 5 in Crossbows
 15784 | D:14     | Found an iron altar of Okawaru.
 16436 | D:15     | Entered Level 15 of the Dungeon
 16577 | D:15     | Noticed a fire dragon
 16587 | D:15     | Killed a fire dragon
 16616 | D:15     | Found a staircase to the Depths.
 16705 | D:15     | Reached XP level 14. HP: 121/121 MP: 14/21
 17186 | D:15     | Found a runed gate.
 17186 | D:15     | Found a runed gate.
 17187 | D:15     | Noticed TheAlmogaver's ghost (journeyman GnWz)
 17190 | D:15     | Found a runed gate.
 17260 | D:15     | Killed TheAlmogaver's ghost
 17355 | D:15     | Got a twitching silver ring
 17357 | D:15     | Identified the ring "Nufepiuh" {rElec rPois rC+ Int-5
                  | Stlth+} (You found it on level 15 of the Dungeon)
 17503 | Depths:1 | Entered Level 1 of the Depths
 17510 | Depths:1 | Paralysed by a great orb of eyes for 7 turns
 17512 | Depths:1 | Noticed a stone giant
 17515 | Depths:1 | Noticed a stone giant
 17525 | Depths:1 | Paralysed by a great orb of eyes for 7 turns
 17531 | Depths:1 | Blown up by a great orb of eyes

Skill      XL: |  1  2  3  4  5  6  7  8  9 10 11 12 13 14 |
---------------+-------------------------------------------+-----
Fighting       | 4 5 7 8 10 | 10.0
Long Blades    | 3 4 7 8 9 11 12 14 | 14.0
Shields        | 5 8 9 13 15 | 15.0
Armour         | 4 8 9 10 | 10.0
Invocations    | 8 11 12 | 12.1
Bows           | 1 |  1.0
Crossbows      | 7 9 |  9.0

Action                   |  1- 3 |  4- 6 |  7- 9 | 10-12 | 13-15 || total
-------------------------+-------+-------+-------+-------+-------++-------
Melee: Long sword        |    92 |   101 |   329 |   335 |   457 ||  1314
       Headbutt          |    15 |    15 |    86 |   166 |   121 ||   403
       Scimitar          |       |       |   141 |   423 |       ||   564
       Short sword       |       |       |       |    18 |       ||    18
 Fire: Shortbow          |       |       |    36 |       |       ||    36
       Longbow           |       |       |       |       |    25 ||    25
Throw: Stone             |       |       |    16 |    22 |       ||    38
       Javelin           |       |       |       |     7 |    21 ||    28
Invok: Upheaval          |       |       |     1 |       |       ||     1
       Disaster Area     |       |       |       |       |     3 ||     3
       Elemental Force   |       |       |       |       |     2 ||     2
Evoke: Wand              |       |       |     2 |     1 |       ||     3
  Use: Potion            |       |     1 |       |     5 |     4 ||    10
       Scroll            |       |       |     7 |     9 |     7 ||    23
  Eat: Chunk             |     1 |     3 |    16 |     9 |     6 ||    35
       Ration            |       |       |     1 |     5 |     2 ||     8
Armor: Scale mail        |    43 |    38 |    18 |       |       ||    99
       Plate armour      |       |       |   157 |   176 |   105 ||   438
Dodge: Dodged            |    26 |    31 |    56 |    76 |    48 ||   237
       Deflected         |       |       |       |     6 |     3 ||     9
Block: Shield            |    48 |    88 |   263 |   656 |   377 ||  1432
       Reflection        |       |     3 |     8 |    30 |    24 ||    65
       Other             |       |       |     1 |       |     7 ||     8
       Rpst.: Long sword |    12 |    10 |     9 |     5 |     8 ||    44
       Scimitar          |       |       |     3 |    15 |       ||    18
